 Dungeon Crawl Stone Soup version 0.13.0-59-g13bd910 (webtiles) character file.

513 Lilouch the Firebug (level 6, 0/41 HPs)
             Began as a Mummy Fire Elementalist on Nov 20, 2013.
             Slain by a troll (1 damage)
             ... on Level 2 of the Dungeon.
             The game lasted 00:38:08 (27054 turns).

Lilouch the Firebug (Mummy Fire Elementalist)      Turns: 27054, Time: 00:38:08

HP   0/41        AC  8     Str 11      XL: 6   Next: 64%
MP  10/13        EV 12     Int 16      God:
Gold 88          SH  0     Dex 12      Spells:  4 memorised,  2 levels left

Res.Fire  : x . .   See Invis. : .   n - +0,+2 flail (protect)
Res.Cold  : + . .   Warding    : .   a - +0 robe
Life Prot.: + + +   Conserve   : .   (no shield)
Res.Poison: +       Res.Corr.  : .   (no helmet)
Res.Elec. : .       Clarity    : .   A - +0 cloak
Sust.Abil.: . .     Spirit.Shd : .   (no gloves)
Res.Mut.  : .       Stasis     : .   (no boots)
Res.Rott. : +       Flight     : .   (no amulet)
Saprovore : . . .                    (no ring)
                                     (no ring)

@: somewhat resistant to hostile enchantments, unstealthy
A: no food or potions, fire vulnerability, restore body, cold resistance 1, life
protection 3, poison resistance, torment resistance, unbreathing
a: no special abilities


You were on level 2 of the Dungeon.
You were not hungry.

You visited 1 branch of the dungeon, and saw 3 of its levels.

You collected 68 gold pieces.

Inventory:

Hand weapons
 d - a +0,+0 whip
 f - a +2,+2 dagger
 h - a +0,+0 dagger
 l - a +0,+0 club (quivered)
 n - a +0,+2 flail of protection (weapon)
 y - a +1,+1 dagger
 z - a +2,+4 quarterstaff of chaos
Armour
 a - a +0 robe (worn)
 k - a +0 shield
 A - a +0 cloak (worn)
Magical devices
 e - a wand of digging (10) {unknown}
Comestibles
 i - 2 bread rations
 p - a meat ration
 q - a sausage
 s - a pear
 B - a choko
 E - an orange
Scrolls
 c - 2 scrolls of curse armour {unknown}
 g - 7 scrolls of teleportation {unknown}
 j - 2 scrolls of remove curse {unknown}
 m - a scroll of recharging {unknown}
 r - a scroll of fear {unknown}
 t - 5 scrolls of identify {unknown}
 w - a scroll of enchant weapon I {unknown}
Potions
 o - 2 potions of curing {unknown}
 v - a potion of restore abilities {unknown}
 C - a potion of poison {unknown}
 F - a potion of speed {unknown}
 G - 5 potions of brilliance {unknown}
Books
 b - a book of Flames

   Spells                             Type                      Level
   *Flame Tongue                      Conjuration/Fire             1
   *Throw Flame                       Conjuration/Fire             2
   *Conjure Flame                     Conjuration/Fire             3
   Inner Flame                        Hexes/Fire                   3
   *Sticky Flame                      Conjuration/Fire             4
   Fireball                           Conjuration/Fire             5
 D - a book of Control

   Spells                             Type                      Level
   Control Teleport                   Charms/Translocation         4
   Control Undead                     Necromancy                   4
   Enslavement                        Hexes                        4
   Mass Confusion                     Hexes                        6
   Metabolic Englaciation             Hexes/Ice                    6


   Skills:
 - Level 1.5 Dodging
 - Level 1.5 Stealth
   Level 0.0 Shields
 + Level 3.7 Spellcasting
 + Level 3.4 Conjurations
 + Level 3.8 Fire Magic


You had 2 spell levels left.
You knew the following spells:

 Your Spells              Type           Power        Failure   Level  Hunger
a - Flame Tongue          Conj/Fire      ##...        4%          1    N/A
b - Conjure Flame         Conj/Fire      ##......     12%         3    N/A
c - Throw Flame           Conj/Fire      ##....       8%          2    N/A
d - Sticky Flame          Conj/Fire      ##......     38%         4    N/A

Dungeon Overview and Level Annotations

Branches:
Dungeon (3/27)

Altars:


Innate Abilities, Weirdness & Mutations

You do not eat or drink.
Your flesh is vulnerable to fire.
Your flesh is cold resistant.
You are immune to negative energy.
Your system is resistant to poisons.
You are immune to unholy pain and torment.
You can survive without breathing.


Message History

The orc wizard hits you but does no damage.
You sock the orc wizard!
The orc wizard is severely wounded.
The orc wizard barely misses you. The troll barely misses you.
The troll claws you.
* * * LOW HITPOINT WARNING * * *
The troll claws you!
* * * LOW HITPOINT WARNING * * *
You closely miss the orc wizard.
The orc wizard is severely wounded.
The orc wizard points at you and mumbles some strange words.
The puff of flame misses you.
The puff of flame hits the troll.
The troll bites you but does no damage. The troll claws you but does no damage.
The troll barely misses you.
The orc wizard hits you but does no damage.
You miss the orc wizard.
The orc wizard is severely wounded.
The troll bites you but does no damage. The troll misses you.
The troll claws you.
You die...

#####.###########.# #...#
..................####...##
#####.###########.........#
.............####.#########
##....######......# ##....#
######.# ##....# ###
##....# ########### ##....#
#.oT@oo...# ##....#
#.#######.# ##....# #.# #.#
##....# #o# #.# ##....# #.#
#.# ##...[#######.# #.#
.'...(..((.(.># #.#
##...).[####### #.#
#......# #.#


You could see a troll, an orc wizard and 2 orcs.

Vanquished Creatures
  A warg (D:1)
  An orc priest (D:3)
  A giant frog skeleton (D:1)
  Crazy Yiuf (D:3)
  An orc wizard (D:3)
  Ijyb (D:2)
  Terence (D:2)
  12 adders
  3 worms
  4 giant geckos
  An ooze (D:1)
  3 orcs (D:3)
  4 giant cockroaches (D:2)
  9 goblins
  11 hobgoblins
  5 jackals (D:1)
  A quokka (D:2)
  2 ball pythons
  15 bats
  7 giant newts
  12 kobolds
  12 rats
108 creatures vanquished.

Vanquished Creatures (others)
  A hobgoblin (D:1)
  2 jackals (D:1)
  A kobold (D:1)
  19 giant spores (D:1)
  9 ballistomycetes (D:1)
32 creatures vanquished.

Grand Total: 140 creatures vanquished

Notes
Turn   | Place    | Note
--------------------------------------------------------------
     0 | D:1      | Lilouch, the Mummy Fire Elementalist, began the quest for the Orb.
     0 | D:1      | Reached XP level 1. HP: 13/13 MP: 3/3
   248 | D:1      | Reached skill level 1 in Conjurations
   588 | D:1      | Reached XP level 2. HP: 16/19 MP: 0/4
  1363 | D:1      | Reached XP level 3. HP: 22/24 MP: 1/6
  2051 | D:2      | Noticed Terence
  2352 | D:2      | Reached XP level 4. HP: 28/30 MP: 8/8
  2538 | D:2      | Noticed Ijyb
  2565 | D:2      | Killed Ijyb
  2679 | D:2      | Learned a level 3 spell: Conjure Flame
  2718 | D:2      | Killed Terence
  2718 | D:2      | Reached skill level 3 in Fire Magic
  3182 | D:2      | Reached XP level 5. HP: 35/35 MP: 7/10
  5329 | D:1      | Learned a level 2 spell: Throw Flame
 11812 | D:1      | Noticed an orc warrior
 12227 | D:3      | Noticed Crazy Yiuf
 12233 | D:3      | Killed Crazy Yiuf
 12233 | D:3      | Reached XP level 6. HP: 41/41 MP: 3/13
 13091 | D:3      | Learned a level 4 spell: Sticky Flame
 22687 | D:2      | Noticed a guardian serpent
 26976 | D:2      | Noticed a troll
 26989 | D:2      | HP: 2/41 [troll (5)]
 27052 | D:2      | HP: 1/41 [troll (7)]
 27054 | D:2      | Slain by a troll

Action                   |  1- 3 |  4- 6 || total
-------------------------+-------+-------++-------
Melee: Whip              |    40 |       ||    40
       Flail             |    28 |    81 ||   109
Throw: Club              |    10 |     8 ||    18
       Dagger            |     2 |       ||     2
 Cast: Flame Tongue      |    45 |    72 ||   117
       Conjure Flame     |       |     8 ||     8
       Throw Flame       |       |    72 ||    72
       Sticky Flame      |       |     1 ||     1
